 Dungeon Crawl Stone Soup version 0.22-a0-587-g7d32d7c (webtiles) character file.

161 Amnesiac the Chucker (level 5, -2/54 HPs)
             Began as an Ogre Fighter on July 4, 2018.
             Slain by a phantom (4 damage)
             ... on level 3 of the Dungeon.
             The game lasted 00:02:11 (1555 turns).

Amnesiac the Chucker (Ogre Fighter)                 Turns: 1555, Time: 00:02:12

Health: -2/54      AC:  3    Str: 26    XL:     5   Next: 42%
Magic:  5/5        EV:  8    Int:  9    God:
Gold:   60         SH:  8    Dex:  8    Spells: 4/4 levels left

rFire    . . .     SeeInvis .   l - +0 dagger (drain)
rCold    . . .     Gourm    .   c - +0 shield
rNeg     . . .     Faith    .   b - +0 robe
rPois    .         Spirit   .   (helmet restricted)
rElec    .         Reflect  .   (no cloak)
rCorr    .         Harm     .   (gloves unavailable)
MR       .....                  (boots unavailable)
Stlth    +.........             (no amulet)
HPRegen  0.18/turn              (no ring)
MPRegen  0.09/turn              (no ring)

@: mighty
A: large, unfitting armour, tough skin 1
a: no special abilities


You were on level 3 of the Dungeon.
You were not hungry.

You visited 1 branch of the dungeon, and saw 4 of its levels.

You collected 60 gold pieces.

Inventory:

Hand Weapons
 a - a +0 trident
 l - a +0 dagger of draining (weapon)
Missiles
 i - 25 poisoned needles
 j - 46 stones (quivered)
Armour
 b - a +0 robe (worn)
 c - a +0 shield (worn)
Scrolls
 e - a scroll of immolation {!r, unknown}
 h - 2 scrolls of teleportation {!r, unknown}
 n - a scroll of fear {!r, unknown}
 o - a scroll of identify {!r, unknown}
Potions
 k - a potion of mutation {!q, unknown}
 m - a potion of haste {!q, unknown}
 p - a potion of heal wounds {!q, unknown}
Comestibles
 f - 4 rations


   Skills:
 - Level 4.0 Fighting
 - Level 2.0 Polearms
 + Level 4.9 Throwing
 - Level 2.6 Dodging
 - Level 2.6 Shields


You had 4 spell levels left.
You didn't know any spells.
Your spell library was empty.

Dungeon Overview and Level Annotations

Branches:
Dungeon (4/15)
 Temple: D:4-7

Altars:
Elyvilon
Nemelex Xobeh


Innate Abilities, Weirdness & Mutations

You are too large for most types of armour.
You have tough skin. (AC +1)


Message History

The orc priest is almost dead.
The orc hits you but does no damage.
The orc priest looks encouraged for a moment.
The orc priest hits you with a short sword.
The phantom hits you.
The phantom blinks!
You barely miss the orc priest.
The orc priest is almost dead.
You block the orc's attack. You block the orc priest's attack.
The phantom blinks!
You puncture the orc priest!
You kill the orc priest!
The orc hits you but does no damage.
You barely miss the orc priest. The orc hits you.
* * * LOW HITPOINT WARNING * * *
The orc priest invokes the aid of Beogh against you.
Beogh smites you!
* * * LOW HITPOINT WARNING * * *
You block the orc's attack.
You puncture the orc priest! You drain the orc priest!
The orc priest is almost dead.
You block the orc priest's attack. The orc hits you.
* * * LOW HITPOINT WARNING * * *
You closely miss the orc priest.
The orc priest is almost dead.
The orc priest hits you but does no damage.
The orc hits you.
* * * LOW HITPOINT WARNING * * *
The orc priest hits you with a dagger.
* * * LOW HITPOINT WARNING * * *
The orc cheers repeatedly.
You hit the orc priest.
You kill the orc priest!
You have reached level 5!
The phantom blinks!
You block the giant cockroach's attack. The orc hits you but does no damage.
You puncture the giant cockroach!
You kill the giant cockroach!
You hit the orc. You drain the orc!
The orc is severely wounded.
You puncture the orc!
You kill the orc!
You swing at nothing.
You puncture the orc!
You kill the orc!
An adder comes into view.
The phantom blinks!
You block the orc's attack.
You puncture the orc!
You kill the orc!
The phantom hits you!
* * * LOW HITPOINT WARNING * * *
The phantom blinks!
You closely miss the adder. You block the adder's attack.
The goblin barely misses you.
Really quaff
g - a silvery potion {!q}?
It was a potion of curing {!q}.
You feel better. You block the adder's attack. x2
You miss the adder. The adder bites you.
* * * LOW HITPOINT WARNING * * *
You puncture the adder!
You kill the adder!
The phantom hits you!
* * * LOW HITPOINT WARNING * * *
The phantom hits you.
You die...

##.#.# ># ##....#
###########.#.#.#
#...............#
#.#########.#o#.#
#.# ##...## #.#
##.## # #.#
#.####.####. #.#
#$gW@†...... #.#
######...... #.###
## ##### #...# #..
###.# #.# #.# #.#
#.# #.# #.# ##.##
#.#######...####.#


You could see a phantom and a goblin.

Vanquished Creatures
  2 orc priests (D:3)
  3 adders (D:3)
  3 oozes
  5 dart slugs
  A worm (D:3)
  2 leopard geckos
  7 orcs (D:3)
  5 giant cockroaches
  3 hobgoblins (D:1)
  3 kobolds (D:1)
  2 ball pythons (D:3)
  4 bats
  A frilled lizard (D:1)
  A leopard gecko skeleton (D:3)
  3 rats
45 creatures vanquished.

Notes
Turn   | Place    | Note
-------+----------+-------------------------------------------
     0 | D:1      | Amnesiac the Ogre Fighter began the quest for the Orb.
     0 | D:1      | Reached XP level 1. HP: 24/24 MP: 1/1
    78 | D:1      | Reached skill level 1 in Throwing
   160 | D:1      | Reached XP level 2. HP: 32/32 MP: 2/2
   394 | D:1      | Reached XP level 3. HP: 14/39 MP: 3/3
  1102 | D:3      | Found a white marble altar of Elyvilon.
  1175 | D:3      | Reached XP level 4. HP: 37/48 MP: 4/4
  1451 | D:3      | Found a sparkling altar of Nemelex Xobeh.
  1508 | D:3      | Noticed a phantom
  1530 | D:3      | Reached XP level 5. HP: 6/54 MP: 5/5
  1550 | D:3      | HP: 1/54 [phantom (9)]
  1555 | D:3      | HP: 2/54 [phantom (7)]
  1555 | D:3      | Slain by a phantom

Vault maps used:
D:1:      saegor_arrival_under_anarchy
D:2:      eat_drink_and_be_merry_uskayaw, minmay_tromino_mix6
D:3:      grunt_temple_overflow_champion_of_chaos, overflow_temple_1_default,
          nemelex_diamond_rough_becter
D:4:      lemuel_round_altar, first_ration

Skill      XL: |  1  2  3  4 |
---------------+-------------+-----
Throwing       | 1 2 3 4 |  4.9
Fighting       | |  4.0
Polearms       | |  2.0
Dodging        | |  2.6
Shields        | |  2.6

Action                   |  1- 3 |  4- 6 || total
-------------------------+-------+-------++-------
Melee: Trident           |    77 |       ||    77
       Dagger            |    28 |    44 ||    72
  Use: Potion            |       |     2 ||     2
  Eat: Chunk             |     1 |     1 ||     2
Armor: Robe              |    17 |     6 ||    23
Dodge: Dodged            |    28 |    11 ||    39
Block: Shield            |    33 |    16 ||    49

Table legend:
 A = Spawn XP
 B = Non-spawn XP
 C = Spawn XP percentage of total XP
 D = Spawn monster count
 E = Non-spawn monster count
 F = Spawn count percentage of total count
 G = Total turns spent on level
                    A         B        C        D         E        F      G
               +---------+---------+-------+---------+---------+-------+---------
         Total |       0 |     230 |   0.0 |       0 |      45 |   0.0 |  1555
               +---------+---------+-------+---------+---------+-------+---------
           D:1 |       0 |      58 |   0.0 |       0 |      22 |   0.0 |  1070
           D:3 |       0 |     172 |   0.0 |       0 |      23 |   0.0 |   472
               +---------+---------+-------+---------+---------+-------+---------
